 Dungeon Crawl Stone Soup version 0.27.1 (webtiles) character file.

Game seed: 15395672461937712284

17521 pkoi the Grappler (level 12, -1/111 HPs)
             Began as a Troll Fighter on Aug 24, 2021.
             Was a High Priest of Okawaru.
             Slain by a two-headed ogre (3 damage)
             ... while paralysed by an ogre mage
             ... in a volcano.
             The game lasted 00:17:12 (9198 turns).

pkoi the Grappler (Troll Fighter)                   Turns: 9198, Time: 00:17:12

Health: -1/111     AC: 11    Str: 30    XL:     12   Next: 19%
Magic:  20/20      EV:  1    Int:  5    God:    Okawaru [*****.]
Gold:   517        SH:  0    Dex:  9    Spells: 11/11 levels left

rFire    . . .     SeeInvis .     - Unarmed
rCold    . . .     Faith    .   b - +1 kite shield
rNeg     . . .     Spirit   .   c - +2 steam dragon scales
rPois    +         Reflect  .   z - +2 hat
rElec    .         Harm     .   n - +0 cloak
rCorr    .         Rampage  .   (gloves unavailable)
Will     .....                  (boots unavailable)
Stlth    +.........             (no amulet)
HPRegen  1.28/turn              t - ring of Wishful Thinking {rPois MP+9 Slay+4}
MPRegen  0.17/turn              (no ring)

@: paralysed
A: large, unfitting armour, claws 3, regeneration 1, shaggy fur 1, tough skin 1,
deformed body, subdued magic 1, sturdy frame 1
a: Renounce Religion, Heroism, Finesse


You were in a volcano.
You worshipped Okawaru.
Okawaru was extremely pleased with you.
You visited 3 branches of the dungeon, and saw 13 of its levels.
You also visited: Ossuary and Volcano.

You collected 712 gold pieces.
You spent 195 gold pieces at shops.

Inventory:

Missiles
 d - 8 javelins
 f - 34 poisoned darts (quivered)
 q - 3 throwing nets
Armour
 b - a +1 kite shield (worn)
 c - +2 steam dragon scales (worn)
 n - a +0 cloak (worn)
 z - a +2 hat (worn)
Jewellery
 t - the ring of Wishful Thinking (left claw) {rPois MP+9 Slay+4}
   (You found it on level 8 of the Dungeon)

   [ring of slaying]

   Slay:      It affects your accuracy & damage with ranged weapons and melee
   (+4).
   rPois:     It protects you from poison.
   MP:        It affects your magic capacity (+9).
 v - an amulet of guardian spirit
 w - a ring of wizardry
Wands
 k - a wand of mindburst (13)
 m - a wand of iceblast (15)
 x - a wand of paralysis (9)
Scrolls
 a - 3 scrolls of blinking
 j - 6 scrolls of identify
 l - a scroll of enchant armour
 o - 2 scrolls of fear
 r - a scroll of brand weapon
 y - a scroll of amnesia
Potions
 e - 4 potions of brilliance
 g - 4 potions of mutation
 h - 7 potions of curing
 i - 3 potions of might
 p - 3 potions of flight
 s - a potion of berserk rage
 u - a potion of ambrosia


   Skills:
 + Level 5.3 Fighting
 - Level 5.5 Armour
 - Level 6.7 Dodging
 + Level 8.2 Shields
 * Level 13.5 Unarmed Combat
 + Level 0.4 Invocations


You had 11 spell levels left.
You didn't know any spells.
Your spell library contained the following spells:

 Spells                   Type           Power      Damage    Failure   Level
 Magic Dart               Conj           0%         1d3       47%         1
 Summon Small Mammal      Summ           0%         N/A       47%         1
 Blink                    Tloc           N/A        N/A       63%         2
 Call Imp                 Summ           0%         N/A       63%         2
 Ensorcelled Hibernation  Hex/Ice        0%         N/A       63%         2
 Searing Ray              Conj           0%         3d3       63%         2
 Static Discharge         Conj/Air       0%         N/A       63%         2
 Sublimation of Blood     Necr           0%         N/A       63%         2
 Wereblood                Tmut           0%         N/A       63%         2
 Call Canine Familiar     Summ           0%         N/A       86%         3
 Lesser Beckoning         Tloc           0%         N/A       86%         3
 Mephitic Cloud           Conj/Pois/Air  0%         N/A       86%         3
 Spider Form              Tmut/Pois      0%         N/A       86%         3
 Summon Guardian Golem    Hex/Summ       0%         N/A       86%         3
 Tukima's Dance           Hex            0%         N/A       86%         3
 Dispel Undead            Necr           0%         3d6       99%         4
 Fulminant Prism          Conj/Hex       0%         3d6       99%         4
 Leda's Liquefaction      Hex/Erth       0%         N/A       99%         4
 Passage of Golubria      Tloc           N/A        N/A       99%         4
 Sticky Flame             Conj/Fire      0%         2d3       99%         4
 Bolt of Magma            Conj/Fire/Erth 0%         4d4       100%        5
 Manifold Assault         Tloc           0%         N/A       100%        5
 Yara's Violent Unravell  Hex/Tmut       0%         3d3       100%        5
 Shadow Creatures         Summ           N/A        N/A       100%        6
 Statue Form              Tmut/Erth      0%         N/A       100%        6
 Summon Hydra             Summ           0%         N/A       100%        7


Dungeon Overview and Level Annotations

Branches:
Dungeon (11/15)            Temple (1/1) D:7            Lair (1/6) D:10
Ossuary (visited)         Volcano (1/1)
    Orc: D:9-12

Altars:
Ashenzari
Cheibriados
Dithmenos
Elyvilon
Fedhas
Gozag
Hepliaklqana
Kikubaaqudgha
Makhleb
Nemelex Xobeh
Okawaru
Qazlal
Ru
Sif Muna
Trog
Uskayaw
Vehumet
Wu Jian
Xom
Yredelemnul
Zin
The Shining One
Lugonu

Shops:
D:1 (   D:3 *   D:7 ?**

Portals:
Abyss: D:11
Trove: D:11 (give +6 fire dragon scales)

Annotations:
D:5 2 runed translucent doors
D:6 1 runed translucent door, Thraspic's ghost, novice SpDe


Innate Abilities, Weirdness & Mutations

You are too large for most types of armour.
You have claws for hands.
Your natural rate of healing is unusually fast.
You are covered in fur. (AC +1)
You have tough skin. (AC +1)
Armour fits poorly on your strangely shaped body.
Your spells are a little easier to cast, but a little less powerful.
Your movements are slightly less encumbered by armour. (ER -2)


Message History

The ogre mage shouts!
An ogre mage is nearby!
An ogre mage is nearby!
Unknown command.
Unknown command.
Found a bloodstained altar of Trog.
Okay, then.
Unknown command.
You open the large door.
A two-headed ogre comes into view.
It is wielding a +1 great mace of flaming and a +0 giant club of flaming.
The two-headed ogre shouts in stereo!
You hear two shouts!
You scratch the two-headed ogre.
The two-headed ogre is lightly wounded.
The air gets thick with the scent of sulphur.
The ogre mage casts a spell at you. The bolt of magma hits you!!
You mangle the two-headed ogre!!
The two-headed ogre is severely wounded.
You block the two-headed ogre's attack. x2
The ogre mage points at you and mumbles some strange words.
You suddenly lose the ability to move!
The ogre mage casts a spell at you. You resist with significant effort.
The two-headed ogre hits you with a +1 great mace of flaming!!
The two-headed ogre burns you!
The two-headed ogre hits you with a +0 giant club of flaming!
* * * LOW HITPOINT WARNING * * *
The two-headed ogre burns you.
* * * LOW HITPOINT WARNING * * *
In the distance, the volcano erupts with a roar.
You are engulfed in blazing flames.
* * * LOW HITPOINT WARNING * * *
The two-headed ogre hits you with a +1 great mace of flaming!
* * * LOW HITPOINT WARNING * * *
The two-headed ogre burns you.
* * * LOW HITPOINT WARNING * * *
The two-headed ogre hits you with a +0 giant club of flaming!
* * * LOW HITPOINT WARNING * * *
The two-headed ogre burns you.
You die...

○○## +.._..+
§○#. #.....#
§☼#.. #######
§○#.. +!).!)+
☼☼#...#..≈O.#
#...#8≈≈≈8#
#..'☼☼○..+
#..O@○☼°.+
§##.#8○○☼8# #≈≈
≈≈###☼○○☼§###≈≈≈
≈≈≈≈☼☼§○○○☼○☼≈§#
≈≈≈§☼8§☼☼8☼§☼§##
≈≈§○○°○○○○☼○###
##≈☼○☼○☼○☼○○#
#°☼☼8☼○○8§##
####.....##


You could see a two-headed ogre and an ogre mage.

Vanquished Creatures
  Gastronok (Lair:1)
  A hydra (Lair:1)
  Harold (D:7)
  A deep troll earth mage (D:11)
  Pikel (D:5)
  2 cane toads (Lair:1)
  Maggie (D:7)
  An unseen horror (D:11)
  2 trolls
  6 blink frogs (Lair:1)
  Grinder (D:5)
  Prince Ribbit (Lair:1)
  A hornet (D:8)
  2 slime creatures
  A vampire (D:9)
  A wraith (D:9)
  A wyvern (D:9)
  3 fire bats (Lair:1)
  18 yaks
  A fire elemental (Lair:1)
  A steam dragon (D:9)
  Menkaure (D:5)
  Edmund (D:5)
  4 acid dragons
  4 water moccasins
  2 ice beasts
  3 orc warriors
  2 black bears
  2 necrophages
  2 ogres (D:5)
  5 centaurs
  2 lemures (D:4)
  3 kobold brigands
  7 bullfrogs
  A gnoll sergeant (D:9)
  A wyvern zombie (D:5)
  2 scorpions (D:10)
  A wyvern skeleton (D:7)
  A water moccasin zombie (Ossuary)
  A water moccasin skeleton (D:6)
  2 killer bees (D:9)
  8 wights
  5 electric eels (D:10)
  4 howler monkeys (D:7)
  A bullfrog zombie (D:6)
  2 lava snakes (Lair:1)
  4 centaur zombies
  3 hounds
  3 orc priests
  A centaur skeleton (D:6)
  2 gnoll shamans
  A jelly (D:5)
  A bullfrog skeleton (D:7)
  3 iguanas
  7 orc wizards
  A hound skeleton (D:4)
  2 mummies (Ossuary)
  3 howler monkey zombies
  12 gnolls
  A howler monkey skeleton (D:6)
  8 adders
  2 white imps (D:7)
  9 adder zombies (Ossuary)
  A worm (D:2)
  11 dart slugs
  17 orcs
  5 ball pythons
  A bat (D:1)
  6 endoplasms
  5 giant cockroaches
  6 goblins
  6 hobgoblins
  3 jackals (D:2)
  4 quokkas
  6 frilled lizards
  4 gnoll zombies (Ossuary)
  3 hobgoblin zombies (Ossuary)
  A jackal skeleton (D:4)
  19 kobolds
  4 kobold zombies (Ossuary)
  6 orc zombies (Ossuary)
  6 rats
  A lurking horror (D:11)
293 creatures vanquished.

Vanquished Creatures (others)
  A kobold (D:10)
  A fungus (Lair:1)
  11 plants
13 creatures vanquished.

Grand Total: 306 creatures vanquished

Notes
Turn   | Place    | Note
-------+----------+-------------------------------------------
     0 | D:1      | pkoi the Troll Fighter began the quest for the Orb.
     0 | D:1      | Reached XP level 1. HP: 22/22 MP: 0/0
    11 | D:1      | Found Jatays's Antique Weapon Shop.
    17 | D:1      | Found a faded altar of an unknown god.
    83 | D:1      | Reached XP level 2. HP: 29/29 MP: 1/1
   185 | D:1      | Reached skill level 3 in Unarmed Combat
   793 | D:2      | Reached XP level 3. HP: 31/36 MP: 2/2
   855 | D:2      | Reached skill level 4 in Unarmed Combat
   857 | D:2      | You fall into a shaft and drop 1 floor!
  1088 | D:3      | Found Isot Pac's General Store.
  1139 | D:3      | Reached XP level 4. HP: 44/44 MP: 3/3
  1562 | D:2      | You fall into a shaft and drop 1 floor!
  2126 | D:4      | Noticed a bullfrog
  2137 | D:4      | Killed a bullfrog
  2138 | D:4      | Reached skill level 5 in Unarmed Combat
  2138 | D:4      | Reached XP level 5. HP: 37/50 MP: 4/4
  2176 | D:4      | You fall into a shaft and drop 3 floors!
  2222 | D:7      | Noticed Maggie
  2256 | D:7      | Killed Maggie
  2257 | D:7      | Reached skill level 6 in Unarmed Combat
  2257 | D:7      | Reached XP level 6. HP: 35/59 MP: 5/5
  2361 | D:7      | Reached XP level 7. HP: 54/66 MP: 6/6
  2379 | D:7      | Reached skill level 1 in Armour
  2592 | D:7      | Found a bloodstained altar of Trog.
  2631 | D:6      | Reached skill level 7 in Unarmed Combat
  2716 | D:6      | Reached XP level 8. HP: 26/74 MP: 7/7
  2719 | D:6      | Gained mutation: Your spells are a little easier to cast,
                  | but a little less powerful. [potion of mutation]
  2719 | D:6      | Gained mutation: Your movements are slightly less
                  | encumbered by armour. (ER -2) [potion of mutation]
  2719 | D:6      | Gained mutation: Armour fits poorly on your strangely
                  | shaped body. [potion of mutation]
  2863 | D:6      | Found a sand-covered staircase.
  2869 | Ossuary  | Entered an ossuary
  3276 | D:6      | Reached skill level 8 in Unarmed Combat
  3331 | D:6      | Found a broken altar of Ashenzari.
  3359 | D:6      | Found a runed translucent door.
  3372 | D:6      | Noticed Thraspic's ghost (novice SpDe)
  3745 | D:5      | Entered Level 5 of the Dungeon
  3747 | D:5      | Noticed Pikel
  3931 | D:4      | Found an iron altar of Okawaru.
  3943 | D:4      | Found a sparkling altar of Nemelex Xobeh.
  3947 | D:4      | Became a worshipper of Warmaster Okawaru
  4189 | D:5      | Killed Pikel
  4189 | D:5      | Reached * piety under Okawaru
  4190 | D:5      | Reached skill level 5 in Dodging
  4190 | D:5      | Reached skill level 5 in Shields
  4190 | D:5      | Reached XP level 9. HP: 17/80 MP: 8/8
  4194 | D:5      | Noticed Menkaure
  4415 | D:5      | Reached skill level 9 in Unarmed Combat
  4500 | D:5      | Killed Menkaure
  4560 | D:5      | Noticed Edmund
  4566 | D:5      | Killed Edmund
  4614 | D:5      | Reached ** piety under Okawaru
  4647 | D:5      | Found a glowing silver altar of Zin.
  4739 | D:5      | HP: 3/80 [acid (5)]
  4867 | D:5      | Noticed Grinder
  4871 | D:5      | Found a runed translucent door.
  4875 | D:5      | Killed Grinder
  4882 | D:5      | Found a runed translucent door.
  4932 | D:5      | Identified the +1 robe of Myig {+Blink Will- Str+4}
  5146 | D:5      | Reached skill level 10 in Unarmed Combat
  5391 | D:7      | Found Dabib's Specific Store.
  5393 | D:7      | Found Quax's General Store.
  5403 | D:7      | Bought a scroll of blinking for 90 gold pieces
  5464 | D:7      | Found a staircase to the Ecumenical Temple.
  5494 | D:7      | Found Wune Vike's Magic Scroll Emporium.
  5505 | D:7      | Bought a scroll of blinking for 105 gold pieces
  5519 | Temple   | Entered the Ecumenical Temple
  5654 | D:7      | Noticed Harold
  5674 | D:7      | Killed Harold
  5674 | D:7      | Reached *** piety under Okawaru
  5675 | D:7      | Reached XP level 10. HP: 70/88 MP: 9/9
  6002 | D:8      | Paralysed by a hornet for 2 turns
  6007 | D:8      | Reached skill level 11 in Unarmed Combat
  6103 | D:8      | Identified the ring of Wishful Thinking {rPois MP+9 Slay+4}
  6242 | D:8      | Found an ornate altar of the Wu Jian Council.
  6275 | D:8      | Killed an enormous slime creature
  6347 | D:8      | Reached **** piety under Okawaru
  6522 | D:9      | Found a basalt altar of Yredelemnul.
  6994 | D:9      | Found an opulent altar of Gozag.
  7156 | D:9      | Reached ***** piety under Okawaru
  7157 | D:9      | Reached skill level 12 in Unarmed Combat
  7157 | D:9      | Reached XP level 11. HP: 97/97 MP: 10/10
  7292 | D:9      | Found a stormy altar of Qazlal.
  7362 | D:10     | Entered Level 10 of the Dungeon
  7903 | D:10     | Found a hide-covered altar of Uskayaw.
  7903 | D:10     | Noticed a +0 dagger
  7903 | D:10     | Noticed a +0 dagger
  8203 | D:10     | Found a staircase to the Lair.
  8260 | D:10     | Reached skill level 5 in Armour
  8317 | D:10     | Found a sacrificial altar of Ru.
  8350 | D:10     | Found a burning altar of Makhleb.
  8350 | D:10     | Noticed an Executioner
  8450 | D:11     | Noticed a boulder beetle
  8556 | D:11     | Found a corrupted altar of Lugonu.
  8560 | D:11     | Found a one-way gate to the infinite horrors of the Abyss.
  8666 | D:11     | Found a portal to a secret trove of treasure.
  8705 | D:11     | Noticed a deep troll earth mage
  8713 | D:11     | Killed a deep troll earth mage
  8819 | Lair:1   | Entered Level 1 of the Lair of Beasts
  8819 | Lair:1   | Noticed Gastronok
  8828 | Lair:1   | Killed Gastronok
  8828 | Lair:1   | Received a gift from Okawaru
  8904 | Lair:1   | Reached skill level 13 in Unarmed Combat
  9007 | Lair:1   | Noticed Prince Ribbit
  9015 | Lair:1   | Killed Prince Ribbit
  9020 | Lair:1   | Reached skill level 5 in Fighting
  9020 | Lair:1   | Reached XP level 12. HP: 78/111 MP: 11/11
  9053 | Lair:1   | Noticed a five-headed hydra
  9061 | Lair:1   | Killed an eight-headed hydra
  9152 | Lair:1   | Found a dark tunnel.
  9168 | Volcano  | Entered a volcano
  9184 | Volcano  | Noticed an ogre mage
  9192 | Volcano  | Found a bloodstained altar of Trog.
  9194 | Volcano  | Noticed a two-headed ogre
  9196 | Volcano  | Paralysed by an ogre mage for 4 turns
  9198 | Volcano  | HP: 2/111 [two-headed ogre (11)]
  9198 | Volcano  | Slain by a two-headed ogre

Illustrated notes

Levels and vault maps discovered:
D:1:      tarquinn_simple_flora_water_e, layout_rooms, serial_shops, shop,
          serial_corexii_hall, corexii_hall_statues_deadend,
          chequers_hall_statues_wall_a, chequers_hall_statues_wall_a,
          corexii_hall_statues_x, corexii_hall_statues_i,
          corexii_hall_statues_i, chequers_ecumenical_altar_simple,
          minmay_crystal_room
D:2:      layout_rooms, minmay_misc_feat_tiny, grunt_ministairs_13,
          minmay_vboxes
D:3:      layout_loops_ring, serial_shops, shop
D:4:      layout_gridville, mainiacjoe_overflow_large_starburst,
          serial_bayou_pond_e, hangedman_abyss_or_decor_lesser_grid
D:5:      lemuel_insect_pit, layout_cave_pools,
          mainiacjoe_overflow_tiny_flanked, uniq_grinder, uniq_edmund,
          uniq_pikel, uniq_menkaure
D:6:      kennysheep_slugbush, layout_basic, lemuel_tele_altar,
          ebering_ghost_reflecting_pool, enter_ossuary_2,
          chequers_serial_rivers_micro_a, minmay_hedge_maze,
          kennysheep_generic_room_10, uniq_crazy_yiuf_cottage
D:7:      layout_loops_ring, old_standard_altar,
          minmay_temple_entry_butterflies, serial_shops, shop,
          nicolae_specific_store, minmay_a_box_with_orc_wizards_in_it,
          uniq_maggie, uniq_harold
D:8:      layout_rooms, nzn_wu_jian_council_hall
D:9:      layout_cave_pools, nicolae_qazlal_general_emergency,
          overflow_temple_1_default,
          nicolae_gozag_cash_rules_everything_around_me, nrook_mini_backslash,
          minmay_quadrilaterals
D:10:     layout_loops_ring, mainiacjoe_overflow_alcove_1,
          makhleb_altar_promises_db, dancing_weapons_uskayaw,
          grunt_lair_entry_orc_guard_hut, serial_bayou_lagoon_b
D:11:     nzn_winding_woodlands_cross [nzn_winding_woodlands_5x15_eye,
          nzn_winding_woodlands_5x15_pool, nzn_winding_woodlands_5x15_crooked,
          nzn_winding_woodlands_5x15_sidewinder,
          nzn_winding_woodlands_15x15_eel_pit], layout_basic,
          nicolae_trove_entry_columns, amcnicky_altar_lugonu_corruption
Temple:   zaba_magenta_temple
Lair:1:   layout_chaotic_city, nicolae_volcano_entry_batcave, uniq_gastronok,
          uniq_prince_ribbit2
Volcano:  kennysheep_volcano_temple

Skill      XL: |  1  2  3  4  5  6  7  8  9 10 11 |
---------------+----------------------------------+-----
Unarmed Combat | 3 4 5 6 7 8 10 12 13 | 13.5
Dodging        | 3 4 5 6 |  6.7
Shields        | 3 4 5 6 7 8 |  8.2
Armour         | 1 3 4 5 |  5.5
Fighting       | 3 5 |  5.3
Invocations    | |  0.4

Action                   |  1- 3 |  4- 6 |  7- 9 | 10-12 || total
-------------------------+-------+-------+-------+-------++-------
Melee: Unarmed           |   113 |    91 |   416 |   421 ||  1041
Throw: Dart              |       |       |       |    40 ||    40
       Javelin           |       |       |       |     7 ||     7
Invok: Heroism           |       |       |       |    12 ||    12
       Finesse           |       |       |       |     1 ||     1
  Use: Scroll            |     2 |     5 |     2 |     7 ||    16
       Potion            |       |     1 |     7 |       ||     8
 Stab: Sleeping          |     1 |       |       |       ||     1
Armor: Robe              |    47 |    20 |       |       ||    67
       Steam dragon scal |       |     7 |   140 |   116 ||   263
       Skin              |       |       |     5 |       ||     5
Dodge: Dodged            |    33 |    30 |   121 |   143 ||   327
Block: Kite shield       |    55 |    42 |   214 |   245 ||   556
